 Dungeon Crawl Stone Soup version 0.30-a0-711-gf4ac18a38d (webtiles) character file.

Game seed: 16884868149168688769

5524 gelatine the Firebug (level 10, -5/72 HPs)
             Began as a Demonspawn Fire Elementalist on Jan 22, 2023.
             Was a Priest of Vehumet.
             Slain by a seven-headed hydra (8 damage)
             ... on level 9 of the Dungeon.
             The game lasted 00:39:07 (10630 turns).

gelatine the Firebug (DsFE)                        Turns: 10630, Time: 00:39:07

Health: -5/72      AC:  8    Str: 15    XL:     10   Next: 43%
Magic:  14/17      EV: 24    Int: 20    God:    Vehumet [***...]
Gold:   2038       SH:  5    Dex: 14    Spells: 5/19 levels left

rFire   . . .      SeeInvis .    a - +9 staff of Olgreb {rPois∞}
rCold   . . .      Faith    .    (no shield)
rNeg    + . .      Spirit   .    C - +0 robe {rN+}
rPois   ∞          Reflect  +    E - +2 helmet
rElec   .          Harm     .    r - +1 cloak
rCorr   .          Rampage  .    (gloves unavailable)
Will    .....                    y - +0 pair of boots
Stlth   ++                       F - amulet of reflection
HPRegen 0.32/turn                z - +6 ring of strength
MPRegen 0.15/turn                g - +5 ring of evasion

@: agile, weak-willed
A: hooves 2, powered by pain 1, weakness stinger 2, demonic touch 3
a: Renounce Religion, Evoke the Staff of Olgreb


You were on level 9 of the Dungeon.
You worshipped Vehumet.
Vehumet was most pleased with you.
You visited 2 branches of the dungeon, and saw 10 of its levels.

You collected 2038 gold pieces.

Inventory:

Hand Weapons
 a - the +9 staff of Olgreb (weapon) {rPois∞}
   (You acquired it on level 3 of the Dungeon)

   It enhances your poison magic.
   It grants immunity to poison.
   It can be activated via the 'a'bility menu to radiate toxic energy, with
   effectiveness depending on Evocations skill.
Missiles
 k - a curare-tipped dart
 K - 3 throwing nets
Armour
 j - +0 swamp dragon scales
 r - a +1 cloak (worn)
 y - a +0 pair of boots (worn)
 C - a +0 robe of positive energy (worn)
 E - a +2 helmet (worn)
Jewellery
 g - a +5 ring of evasion (right hand)
 z - a +6 ring of strength (left hand)
 F - an amulet of reflection (around neck)
 J - a ring of fire
Wands
 h - a wand of roots (17)
 o - a wand of light (11)
 x - a wand of flame (42)
 D - a wand of polymorph (14)
Scrolls
 c - 2 scrolls of enchant weapon
 d - 3 scrolls of vulnerability
 m - a scroll of immolation
 n - a scroll of blinking
 p - a scroll of fog {unknown}
 s - 2 scrolls of magic mapping {unknown}
 u - 3 scrolls of amnesia {unknown}
 A - 4 scrolls of poison
 H - 2 scrolls of teleportation {unknown}
Potions
 b - 2 potions of curing
 e - 2 potions of brilliance
 i - a potion of invisibility {unknown}
 l - 3 potions of attraction
 q - 3 potions of mutation
 t - 2 potions of flight
 v - 3 potions of ambrosia
 w - 3 potions of lignification
 G - 2 potions of resistance


   Skills:
 * Level 4.3 Fighting
 + Level 1.6 Short Blades
 * Level 4.3 Staves
 + Level 2.3 Armour
 * Level 4.7 Dodging
 + Level 2.4 Stealth
 * Level 1.4 Shields
 + Level 5.2 Spellcasting
 * Level 5.1 Conjurations
 * Level 2.7 Transmutations
 * Level 7.5 Fire Magic
 * Level 2.8 Poison Magic
 * Level 4.2 Evocations


You had 5 spell levels left.
You knew the following spells:

 Your Spells              Type           Power      Damage    Failure   Level
a - Foxfire               Conj/Fire      100%       2x1d9     1%          1
b - Scorch                Fire           70%        2d8       1%          2
c - Flame Wave            Conj/Fire      30%        2d9       2%          4
d - Ignite Poison         Fire/Tmut/Pois 34%        N/A       1%          3
e - Searing Ray           Conj           50%        2d6       1%          2
f - Static Discharge      Conj/Air       30%        2-4/arc   1%          2

Your spell library contained the following spells:

 Spells                   Type           Power      Damage    Failure   Level
 Sticky Flame             Conj/Fire      30%        2d5       2%          4
 Magic Dart               Conj           100%       1d8       1%          1
 Inner Flame              Hex/Fire       20%        N/A       1%          3
 Sandblast                Erth           10%        2d5       3%          1
 Kindle Blastsparks       Fire/Tloc/Air  30%        2d12      3%          3
 Mephitic Cloud           Conj/Pois/Air  23%        N/A       3%          3
 Stone Arrow              Conj/Erth      30%        3d8       3%          3
 Passwall                 Tmut/Erth      8%         N/A       10%         2
 Call Imp                 Summ           5%         N/A       17%         2
 Freezing Cloud           Conj/Ice/Air   6%         6-21      36%         5
 Summon Cactus Giant      Summ           2%         N/A       100%        6
 Borgnjor's Revivificati  Necr           2%         N/A       100%        8
 Necromutation            Tmut/Necr      5%         N/A       100%        8
 Death's Door             Necr           2%         N/A       100%        9


Dungeon Overview and Level Annotations

Branches:
Dungeon (9/15)             Temple (1/1) D:5             Orc (0/2) D:9
   Lair: D:8-11

Altars:
Ashenzari
Cheibriados
Fedhas
Gozag
Hepliaklqana
Kikubaaqudgha
Makhleb
Nemelex Xobeh
Okawaru
Qazlal
Ru
Sif Muna
Trog
Uskayaw
Vehumet
Wu Jian
Xom
Yredelemnul

Shops:
D:1 [((   D:6 (   D:7 :


Innate Abilities, Weirdness & Mutations

You have hoof-like feet.
You sometimes gain a little power by taking damage.
You have a tail ending in a sharp stinger.
Your touch may irresistibly damage your foes and sap their willpower.


Message History

You feel your power returning.
You kill the killer bee!
Vehumet accepts your kill. The killer bee misses you.
You sock the killer bee!
You kill the killer bee!
Vehumet accepts your kill.
You feel your power returning.
You see here a killer bee corpse.
Found a scroll of identify.
The seven-headed hydra attacks as you move away!
The seven-headed hydra barely misses you.
The seven-headed hydra bites you!
* * * LOW HITPOINT WARNING * * *
You focus on the pain.
You feel more agile all of a sudden.
The seven-headed hydra completely misses you.
The seven-headed hydra bites you.
* * * LOW HITPOINT WARNING * * *
The seven-headed hydra completely misses you.
The seven-headed hydra misses you. x2
The air fills with toxic fumes!
As you read the scroll labelled YFROGYHOUS, it crumbles to dust.
It was a scroll of poison.
The seven-headed hydra closely misses you.
The seven-headed hydra misses you.
The seven-headed hydra closely misses you.
The seven-headed hydra misses you.
The seven-headed hydra completely misses you.
The seven-headed hydra misses you.
The seven-headed hydra bites you but does no damage.
Casting: Foxfire (safe; 1% risk of failure)
Confirm with . or Enter, or press ? or * to list all spells.
You feel a surge of power!
You ignite the poison in your surroundings!
The seven-headed hydra bites you.
* * * LOW HITPOINT WARNING * * *
The seven-headed hydra bites you but does no damage.
The seven-headed hydra bites you!
You die...

..###....#....#..# ..#
##.v.#?...#○○# ..#
#..§##....☼○# ..#
###..###..#○# ..#
#.†..†..#○#
..######.+.††..#○#
...F..F..#.....#§#
###......#.....#D######
#.>....#.....#@☼§§§§#
#......#.....#§○☼☼§§#
#......#.....#☼§§☼§§#
#......#.....#§§○☼☼§#
#......#.....#○§☼☼§☼#
#......#.....#☼☼☼☼§☼#
#......#...).#§○§☼§☼#
#......#.....#○○§§§☼#
#......####''#......#


You could see a seven-headed hydra (weak-willed).

Vanquished Creatures
  A two-headed ogre (D:9)
  A hornet (D:9)
  Grinder (D:3)
  Sigmund (D:3)
  A golden eye (shapeshifter) (D:9)
  Eustachio (D:6)
  2 water moccasins (D:9)
  An ice beast (D:5)
  2 black bears
  2 centaurs
  A wolf (D:6)
  5 kobold brigands
  Blork the orc (D:5)
  2 bullfrogs
  5 gnoll sergeants
  2 necrophages (D:5)
  4 scorpions
  3 wights (D:7)
  5 jellies (D:7)
  A water moccasin skeleton (D:4)
  A water moccasin zombie (D:4)
  8 killer bees (D:9)
  A howler monkey (D:5)
  A crimson imp (D:6)
  8 hounds
  4 orc priests
  2 iguanas (D:6)
  2 gnoll boudas (D:6)
  Jessica (D:2)
  2 scorpion zombies (D:4)
  Terence (D:2)
  Natasha (thrice) (D:3)
  8 orc wizards
  2 hound zombies (D:4)
  2 hound skeletons (D:4)
  Robin (D:4)
  19 gnolls
  8 adders
  A shadow imp (D:5)
  2 white imps (D:6)
  An ufetubus (D:5)
  An adder skeleton (D:4)
  2 worms (D:2)
  A dart slug (D:3)
  26 orcs
  6 ball pythons (D:1)
  7 endoplasms
  3 giant cockroaches
  14 goblins
  12 hobgoblins
  A jackal (D:6)
  36 kobolds
  4 quokkas
  5 bats
  5 frilled lizards
  A quokka zombie (D:4)
  14 rats
258 creatures vanquished.

Vanquished Creatures (others)
  821 foxfires
  3 withered plants (D:4)
824 creatures vanquished.

Grand Total: 1082 creatures vanquished

Notes
Turn   | Place    | Note
-------+----------+-------------------------------------------
     0 | D:1      | gelatine the Demonspawn Fire Elementalist began the quest
                  | for the Orb.
     0 | D:1      | Reached XP level 1. HP: 13/13 MP: 3/3
   223 | D:1      | Found Koeng's Weapon Boutique.
   259 | D:1      | Reached skill level 3 in Fire Magic
   259 | D:1      | Gained mutation: You sometimes gain a little power by
                  | taking damage. [demonic ancestry]
   259 | D:1      | Reached XP level 2. HP: 18/19 MP: 1/5
   507 | D:1      | Found Lykumumo's Antique Armour Shop.
   601 | D:1      | Learned a level 2 spell: Scorch
   896 | D:1      | Discovered your monstrous ancestry.
   896 | D:1      | Gained mutation: Your touch may inflict minor irresistible
                  | damage on your foes. [demonic ancestry]
   896 | D:1      | Reached XP level 3. HP: 24/24 MP: 1/6
   903 | D:1      | Found Puent's Weapon Boutique.
  1625 | D:2      | Noticed Jessica
  1634 | D:2      | Killed Jessica
  1635 | D:2      | Gained mutation: You have a small tail. [demonic ancestry]
  1635 | D:2      | Reached XP level 4. HP: 29/31 MP: 0/8
  1723 | D:2      | Noticed Terence
  1731 | D:2      | Killed Terence
  1881 | D:2      | Found a shimmering altar of Xom.
  2003 | D:2      | Reached skill level 4 in Fire Magic
  2176 | D:3      | Noticed Natasha
  2180 | D:3      | Killed Natasha
  2181 | D:3      | Reached skill level 1 in Fighting
  2181 | D:3      | Gained mutation: You have large cloven feet. [demonic
                  | ancestry]
  2181 | D:3      | Reached XP level 5. HP: 30/37 MP: 3/9
  2187 | D:3      | Noticed Natasha
  2273 | D:3      | Killed Natasha
  2367 | D:3      | Noticed Natasha
  2374 | D:3      | Killed Natasha
  2410 | D:3      | Reached skill level 1 in Short Blades
  2486 | D:3      | Found a radiant altar of Vehumet.
  2488 | D:3      | Noticed Grinder
  2493 | D:3      | Gained mutation: You have hoof-like feet. [demonic
                  | ancestry]
  2493 | D:3      | Reached XP level 6. HP: 43/43 MP: 7/10
  2498 | D:3      | Killed Grinder
  2504 | D:3      | Became a worshipper of Vehumet
  2659 | D:3      | Found a stormy altar of Qazlal.
  2729 | D:3      | Identified 3 scrolls of acquirement
  2729 | D:3      | Acquired 580 gold pieces
  2730 | D:3      | Acquired the +9 staff of Olgreb {rPois∞}
  2730 | D:3      | Found the +9 staff of Olgreb {rPois∞}
  2731 | D:3      | Acquired 1090 gold pieces
  2872 | D:3      | Noticed Sigmund
  2878 | D:3      | Killed Sigmund
  2879 | D:3      | Reached skill level 5 in Fire Magic
  2879 | D:3      | Gained mutation: You have a tail ending in a sharp stinger.
                  | [demonic ancestry]
  2879 | D:3      | Reached XP level 7. HP: 44/50 MP: 3/12
  3618 | D:4      | Noticed Robin
  3625 | D:4      | Reached * piety under Vehumet
  3625 | D:4      | Offered knowledge of Freeze by Vehumet.
  3629 | D:4      | Killed Robin
  3630 | D:4      | Reached skill level 1 in Evocations
  3638 | D:4      | Reached skill level 1 in Staves
  3828 | D:4      | Learned a level 4 spell: Flame Wave
  3832 | D:4      | Learned a level 3 spell: Ignite Poison
  4020 | D:4      | Found a blossoming altar of Fedhas.
  4347 | D:4      | Found an opulent altar of Gozag.
  4406 | D:5      | Entered Level 5 of the Dungeon
  4406 | D:5      | Noticed Blork the orc
  4411 | D:5      | Killed Blork the orc
  4412 | D:5      | Reached XP level 8. HP: 57/57 MP: 1/13
  4656 | D:5      | Reached skill level 1 in Armour
  4762 | D:5      | Reached skill level 1 in Poison Magic
  4912 | D:5      | Reached ** piety under Vehumet
  4964 | D:5      | Found a broken altar of Ashenzari.
  4970 | D:5      | Offered knowledge of Searing Ray by Vehumet.
  4971 | D:5      | Reached skill level 1 in Transmutations
  4974 | D:5      | Learned a level 2 spell: Searing Ray
  5278 | D:5      | Found a shimmering blue altar of Sif Muna.
  5351 | D:5      | Found a staircase to the Ecumenical Temple.
  5360 | Temple   | Entered the Ecumenical Temple
  5754 | D:6      | Noticed a +0 hand axe
  5754 | D:6      | Noticed a +0 dagger
  5754 | D:6      | Found a hide-covered altar of Uskayaw.
  5918 | D:6      | Reached skill level 6 in Fire Magic
  5918 | D:6      | Gained mutation: Your touch may inflict irresistible damage
                  | on your foes. [demonic ancestry]
  5918 | D:6      | Reached XP level 9. HP: 55/64 MP: 8/15
  6195 | D:6      | Found a bloodstained altar of Trog.
  6198 | D:6      | Found a shimmering altar of Xom.
  6202 | D:6      | Found a snail-covered altar of Cheibriados.
  6220 | D:6      | You fall into a shaft and drop 2 floors!
  6416 | D:6      | Found an iron altar of Okawaru.
  6454 | D:6      | Offered knowledge of Static Discharge by Vehumet.
  6458 | D:6      | Learned a level 2 spell: Static Discharge
  6698 | D:6      | Found a sparkling altar of Nemelex Xobeh.
  6814 | D:6      | Reached *** piety under Vehumet
  7085 | D:6      | Noticed Eustachio
  7088 | D:6      | Killed Eustachio
  7214 | D:6      | Found Ytetucen's Weapon Emporium.
  7768 | D:7      | Found Afet's Book Shop.
  7776 | D:7      | Found an ornate altar of the Wu Jian Council.
  8209 | D:7      | Reached skill level 7 in Fire Magic
  8362 | D:7      | Found a hazy altar of Hepliaklqana.
  9402 | D:8      | Offered knowledge of Sticky Flame by Vehumet.
 10178 | D:9      | Reached skill level 5 in Spellcasting
 10178 | D:9      | Gained mutation: Your touch may irresistibly damage your
                  | foes and sap their willpower. [demonic ancestry]
 10178 | D:9      | Reached XP level 10. HP: 71/71 MP: 11/17
 10308 | D:9      | Noticed a two-headed ogre
 10314 | D:9      | Killed a two-headed ogre
 10315 | D:9      | Reached skill level 1 in Shields
 10449 | D:9      | Reached skill level 5 in Conjurations
 10571 | D:9      | Found a staircase to the Orcish Mines.
 10586 | D:9      | Noticed a seven-headed hydra
 10630 | D:9      | HP: 3/72 [seven-headed hydra (5)]
 10630 | D:9      | Slain by a seven-headed hydra

Illustrated notes

Levels and vault maps discovered:
D:1:      grunt_arrival_crossed_arrows, layout_basic, serial_shops, shop,
          nicolae_shop_advertising_works [nicolae_subvault_shop_adworks],
          nicolae_shop_behind_doors
D:2:      layout_rooms, basic_altar, minmay_rat_gold_closets, uniq_terence,
          uniq_jessica
D:3:      layout_basic, vehumet_altar_wand_db,
          mainiacjoe_overflow_surrounded_room, uniq_natasha, uniq_sigmund,
          uniq_grinder
D:4:      layout_rooms, grunt_temple_overflow_gold_and_silver, fedhas_altar_4,
          serial_undead, serial_undead_e, serial_undead_b, serial_undead_f,
          serial_undead_e, serial_undead_c, serial_undead_c, uniq_robin
D:5:      layout_basic, general_overflow_altar, nicolae_sif_muna_little_library,
          minmay_temple_entry_glassed_door, kennysheep_generic_room_8,
          uniq_blork_the_orc
D:6:      layout_cave_pools, grunt_temple_overflow_diamond,
          mainiacjoe_overflow_brackets, nicolae_overflow_hidden_temple,
          dancing_weapons_uskayaw, serial_gnoll_camp, gnoll_camp_mini_loothouse,
          gnoll_camp_mini_hut, gnoll_camp_huts_basic, gnoll_camp_mini_house,
          gnoll_camp_mini_shop, minmay_fire_ice_demons, uniq_eustachio
D:7:      layout_gridville, nzn_hepliaklqana_mist_gate,
          nzn_wu_jian_council_hall, serial_shops, kennysheep_mini
D:8:      layout_layer_cave
D:9:      layout_irregular_city, dpeg_oklobed_lair, orc_0_dummy, serial_shops,
          shop, minmay_bent
Temple:   hellmonk_temple_micro_hex

Skill      XL: |  1  2  3  4  5  6  7  8  9 10 |
---------------+-------------------------------+-----
Fire Magic     | 3 4 5 6 7 |  7.5
Dodging        | 2 3 4 |  4.7
Stealth        | 2 |  2.4
Fighting       | 1 2 3 4 |  4.3
Short Blades   | 1 |  1.6
Conjurations   | 2 3 4 5 |  5.1
Spellcasting   | 3 4 5 |  5.2
Evocations     | 1 2 3 4 |  4.2
Staves         | 2 4 |  4.3
Armour         | 2 |  2.3
Poison Magic   | 1 2 |  2.8
Transmutations | 1 2 |  2.7
Shields        | 1 |  1.4

Action                     |  1- 3 |  4- 6 |  7- 9 | 10-12 || total
---------------------------+-------+-------+-------+-------++-------
  Melee: Dagger            |    21 |       |       |       ||    21
         Short sword       |    27 |    13 |       |       ||    40
         Touch             |     3 |     3 |    12 |       ||    18
         Kick              |       |     5 |       |       ||     5
         Staff             |       |     3 |    70 |     6 ||    79
         Tailslap          |       |       |    11 |     1 ||    12
         Punch             |       |       |     2 |       ||     2
   Cast: Foxfire           |    75 |    62 |   304 |    31 ||   472
         Scorch            |     5 |     9 |    22 |     1 ||    37
         Ignite Poison     |       |       |    12 |     4 ||    16
         Searing Ray       |       |       |     2 |       ||     2
Ability: Evoke the Staff o |       |       |    18 |     5 ||    23
    Use: Scroll            |       |     3 |    14 |     3 ||    20
         Potion            |       |       |     1 |     2 ||     3
 Armour: Robe              |    12 |     1 |    40 |     6 ||    59
         Swamp dragon scal |       |     2 |       |       ||     2
  Dodge: Dodged            |    49 |    13 |    45 |    55 ||   162
  Block: Other             |       |       |    16 |     9 ||    25
         Reflection        |       |       |     2 |     1 ||     3

Table legend: (Time is in decaauts)
 A = Elapsed time spent in this place.
 B = Non-inter-level travel time spent in this place.
 C = Inter-level travel time spent in this place.
 D = Time resting spent in this place.
 E = Time spent auto-exploring this place.
 F = Levels seen in this place.
 G = Mean time per level.
                   A        B        C        D        E       F      G
               +--------+--------+--------+--------+--------+-----+--------+
         Total |  10639 |  10123 |    516 |    103 |   8405 |  10 | 1063.9 |
       Dungeon |  10637 |  10121 |    516 |    103 |   8405 |   9 | 1181.9 |
        Temple |      1 |      1 |      0 |      0 |      0 |   1 |    1.0 |
               +--------+--------+--------+--------+--------+-----+--------+

Top non-repeatable levels by time:
     D:6: 1583 daAuts
     D:8: 1414 daAuts
     D:5: 1377 daAuts
     D:7: 1366 daAuts
     D:1: 1255 daAuts
     D:3: 1148 daAuts
     D:4: 1049 daAuts
     D:2: 985 daAuts
     D:9: 457 daAuts
  Temple: 1 daAuts
